Map: Thunderbird LE

Players

MaSa

  • Race: Terran Terran
  • Spawn Location: 5:00

souL - Winner!

  • Race: Terran Terran
  • Spawn Location: 11:00

Event: 2019 WCS Summer

VOD

Have the link to the VOD?

Description

Time

  • Played on: July 12, 2019, 1:37 p.m.
  • Length: 14:52

All games in this series

Show
View Real Time Build Order
Export as new Build Order

MaSa Terran 

Build Orders: Gas First Reaper Expand, Liberator Opening 

Get SALT Encoding   

  12  0:00  SCV  
  13  0:12  SCV  
  14  0:17  Supply Depot  
  14  0:24  SCV  
  14  0:27  Refinery  
  15  0:38  SCV  
  16  0:43  Barracks  
  16  0:50  SCV  
  17  1:02  SCV  
  18  1:15  SCV  
  19  1:30  Reaper  
  19  1:31  Orbital Command  
  20  1:44  Command Center  
  20  1:55  Factory  
  20  1:59  SCV  
  21  2:05  Barracks Reactor  
  21  2:11  SCV  
  21  2:14  Supply Depot  
  22  2:18  Refinery  
  22  2:23  SCV  
  23  2:42  Starport  
  25  2:44  Hellion x2  
  25  2:49  SCV  
  28  2:51  Barracks Tech Lab  
  28  2:57  Orbital Command  
  28  3:01  SCV  
  28  3:05  Liberator  
  31  3:06  Hellion  
  31  3:09  Hellion  
  31  3:11  Marine  
  34  3:15  SCV  
  35  3:24  SCV  
  39  3:32  Supply Depot  
  39  3:33  SCV  
  40  3:36  Hellion  
  40  3:41  Hellion  
  44  3:43  Marine  
  44  3:44  SCV  
  46  3:51  Supply Depot  
  46  3:53  SCV  
  47  3:56  SCV  
  48  4:05  Starport Tech Lab  
  48  4:06  SCV  
  48  4:08  SCV  
  50  4:10  Marine, Cyclone  
  50  4:12  Marine  
  55  4:22  SCV  
  56  4:25  Raven  
  56  4:29  SCV  
  56  4:30  Marine x2  
  61  4:34  SCV  
  59  4:41  SCV  
  59  4:45  Cyclone  
  58  4:47  SCV  
  58  4:51  Marine x2  
  55  4:53  SCV  
  55  4:57  Refinery  
  55  4:58  Refinery  
  55  4:59  SCV  
  57  5:05  SCV  
  58  5:11  SCV  
  59  5:14  Raven  
  59  5:17  Marine  
  59  5:21  Supply Depot  
  62  5:22  Command Center  
  62  5:29  Supply Depot  
  62  5:40  Barracks  
  62  5:42  Barracks, Marine, SCV  
  64  5:43  Siege Tank, SCV, Supply Depot  
  68  5:50  Marine  
  68  5:54  Supply Depot  
  68  5:55  SCV x2  
  71  5:57  Raven  
  71  6:00  Marine  
  74  6:07  SCV x2  
  74  6:08  Marine  
  77  6:15  Siege Tank, Supply Depot  
  77  6:18  Supply Depot  
  80  6:19  SCV x2  
  82  6:31  SCV x2  
  82  6:32  Barracks Reactor x2  
  86  6:33  Supply Depot x2  
  86  6:38  Orbital Command  
  86  6:43  SCV x2  
  85  6:55  Marine, SCV x2  
  85  6:56  Viking x2, Stimpack  
  95  7:01  Siege Tank  
  95  7:07  SCV x2  
  97  7:10  SCV  
  98  7:19  SCV  
  96  7:24  Marine x3  
  96  7:25  Marine x2  
  96  7:28  SCV  
  102  7:30  Viking x2  
  102  7:31  SCV  
  102  7:33  Siege Tank  
  107  7:38  SCV  
  107  7:41  SCV  
  107  7:42  Marine x2  
  100  7:53  Marine  
  100  7:54  Marine x2  
  91  7:58  SCV  
  91  8:03  Marine x2  
  91  8:05  Siege Tank, SCV  
  88  8:06  SCV  
  88  8:07  Barracks  
  88  8:08  Barracks  
  88  8:10  SCV  
  88  8:11  Marine  
  90  8:12  Engineering Bay  
  90  8:13  Engineering Bay  
  90  8:14  Marine x2  
  90  8:17  SCV  
  90  8:18  SCV  
  94  8:21  Marine, Refinery  
  94  8:22  SCV  
  94  8:25  Marine  
  97  8:29  Marine, SCV  
  97  8:30  SCV  
  97  8:31  Refinery  
  97  8:32  Marine, Supply Depot  
  97  8:33  Viking x2  
  105  8:34  Marine  
  105  8:37  Siege Tank, SCV  
  105  8:40  Terran Infantry Weapons Level 1, Terran Infantry Armor Level 1  
  110  8:41  SCV  
  110  8:43  Marine x2  
  110  8:47  SCV  
  114  8:52  Marine x2  
  115  8:58  Sensor Tower  
  115  8:59  SCV, Missile Turret  
  115  9:02  SCV  
  117  9:03  Missile Turret, Medivac x2  
  117  9:06  Marine  
  117  9:07  Marine  
  117  9:08  Combat Shield, Barracks Reactor x2  
  117  9:09  SCV  
  124  9:11  Marine x3  
  127  9:18  Siege Tank  
  127  9:21  Supply Depot  
  130  9:24  Marine x2  
  130  9:25  Supply Depot  
  130  9:27  Supply Depot  
  130  9:29  Marine x3  
  133  9:38  Command Center, Medivac  
  133  9:39  Medivac  
  133  9:42  Marine x2  
  138  9:46  Marine  
  138  9:47  Marine x5  
  142  9:58  Marine  
  134  10:00  Marine x2  
  134  10:04  Marine x2  
  134  10:05  Siege Tank, Marine x4  
  135  10:08  Medivac  
  135  10:09  Medivac  
  135  10:10  SCV  
  135  10:13  Armory, Missile Turret  
  140  10:16  Marine  
  140  10:18  Marine x2  
  131  10:22  Marine x2  
  131  10:23  Marine x3  
  137  10:32  Supply Depot  
  137  10:34  Marine  
  137  10:35  Marine  
  137  10:36  Marine, SCV x2  
  137  10:37  Factory  
  137  10:38  Viking  
  137  10:39  Viking  
  137  10:40  Marine x2  
  137  10:41  Marine x2  
  149  10:43  Marine, Sensor Tower  
  149  10:46  Barracks Reactor  
  150  10:51  Sensor Tower  
  150  10:52  Marine  
  151  11:00  Marine x2  
  151  11:01  Marine x3  
  155  11:07  Marine x2  
  155  11:08  Medivac  
  155  11:09  Marine, Medivac  
  160  11:17  SCV x2  
  155  11:18  Marine x3  
  155  11:19  Marine  
  155  11:23  SCV  
  155  11:30  Planetary Fortress  
  155  11:31  Marine x2  
  157  11:35  SCV x2  
  157  11:37  Terran Infantry Armor Level 2  
  157  11:38  Medivac  
  161  11:40  Terran Infantry Weapons Level 2  
  161  11:43  Terran Vehicle Weapons Level 1  
  161  11:46  Marine  
  162  11:47  Marine x4  
  166  11:55  Marine x5  
  171  12:04  Siege Tank, Marine  
  171  12:05  Marine x4  
  179  12:12  Marine  
  179  12:13  Marine x4  
  178  12:19  Medivac  
  178  12:20  Medivac  
  178  12:22  Marine x5  
  156  12:27  SCV  
  156  12:29  SCV x2  
  161  12:30  Marine x2  
  161  12:31  Marine x3  
  161  12:36  Siege Tank  
  168  12:40  Marine x5  
  173  12:45  SCV  
  173  12:46  SCV x2  
  173  12:48  Marine x4  
  173  12:49  Marine, Sensor Tower  
  181  12:58  Siege Tank, Marine x4  
  185  13:04  Refinery  
  185  13:05  Refinery  
  188  13:06  Sensor Tower  
  188  13:10  Marine  
  188  13:11  Marine  
  188  13:13  Marine x2  
  188  13:17  Siege Tank  
  188  13:22  Supply Depot  
  188  13:23  Supply Depot  
  188  13:24  Supply Depot  
  188  13:25  Marine  
  188  13:26  Marine x2  
  188  13:27  Marine x3  
  188  13:28  Viking  
  188  13:29  Marine x2  
  188  13:30  Siege Tank  
  188  13:31  Marine, SCV  
  188  13:36  Marine  
  188  13:38  SCV  
  181  13:43  Marine x2  
  181  13:44  Marine x2  
  170  13:50  Marine x3  
  170  13:51  Marine  
  170  13:54  Marine  
  150  14:13  Marine x2  
  147  14:24  Marine  
  146  14:33  Marine  
Show
View Real Time Build Order
Export as new Build Order

souL Terran - Winner!

Build Orders:  

Get SALT Encoding   

  12  0:00  SCV  
  13  0:13  SCV  
  14  0:19  Supply Depot  
  14  0:25  SCV  
  15  0:28  Refinery  
  15  0:40  SCV  
  16  0:44  Barracks  
  16  0:53  SCV  
  16  0:55  Refinery  
  17  1:05  SCV  
  18  1:17  SCV  
  19  1:32  Orbital Command, Factory  
  19  1:38  Reaper  
  20  1:47  Supply Depot  
  20  1:58  SCV  
  21  2:10  SCV, Reaper  
  23  2:17  Hellion  
  23  2:22  SCV  
  26  2:28  Command Center  
  26  2:34  SCV  
  27  2:39  Supply Depot  
  27  2:40  Hellion  
  27  2:43  Barracks Tech Lab  
  29  2:46  SCV  
  30  3:01  SCV  
  30  3:02  Starport  
  31  3:12  Cyclone  
  34  3:13  Barracks Reactor  
  34  3:17  SCV  
  35  3:29  SCV  
  36  3:37  Refinery  
  36  3:41  SCV  
  37  3:42  Orbital Command  
  37  3:49  Raven  
  37  3:50  Marine x2  
  37  3:52  Factory Tech Lab  
  37  3:53  SCV  
  42  4:01  Supply Depot  
  42  4:05  SCV  
  42  4:08  Marine x2, SCV  
  46  4:12  Siege Tank  
  49  4:17  SCV  
  49  4:20  SCV  
  49  4:22  Supply Depot  
  51  4:25  Marine  
  51  4:29  SCV  
  53  4:32  Raven, SCV  
  53  4:37  Marine  
  55  4:41  SCV  
  55  4:44  SCV  
  52  4:45  Marine  
  52  4:47  Siege Tank  
  54  4:53  SCV  
  54  4:54  Marine  
  54  4:59  SCV  
  57  5:04  Command Center  
  57  5:05  SCV  
  58  5:07  Liberator  
  58  5:11  SCV  
  58  5:18  SCV  
  58  5:20  Supply Depot  
  59  5:23  SCV  
  59  5:24  Viking  
  65  5:30  Refinery, SCV  
  65  5:31  Marine  
  65  5:32  Supply Depot  
  65  5:34  Stimpack  
  65  5:35  SCV  
  68  5:42  SCV  
  69  5:45  Supply Depot  
  69  5:46  Siege Tank  
  69  5:47  SCV  
  73  5:51  Marine  
  73  5:54  SCV  
  75  5:59  SCV  
  75  6:00  Barracks  
  75  6:02  Barracks, Viking  
  78  6:06  SCV  
  78  6:07  Viking  
  79  6:11  SCV  
  79  6:13  Marine  
  79  6:18  SCV, Supply Depot  
  82  6:19  Supply Depot  
  82  6:25  SCV  
  82  6:28  Siege Tank  
  82  6:29  SCV  
  82  6:31  Viking  
  88  6:36  SCV  
  87  6:46  SCV  
  88  6:47  SCV  
  88  6:49  Barracks Reactor  
  90  6:55  SCV  
  90  6:59  Barracks Reactor  
  90  7:00  Engineering Bay  
  87  7:01  Orbital Command  
  87  7:02  Engineering Bay  
  87  7:04  Viking  
  87  7:06  SCV  
  87  7:08  SCV  
  89  7:13  Siege Tank  
  92  7:18  SCV  
  92  7:21  SCV  
  93  7:30  Terran Infantry Weapons Level 1, Terran Infantry Armor Level 1  
  93  7:31  Marine x3  
  93  7:32  Barracks  
  93  7:33  Barracks  
  93  7:40  Marine x2  
  92  7:45  Siege Tank, SCV  
  92  7:47  SCV x2  
  92  7:49  Marine x3  
  99  7:56  Medivac  
  99  7:57  SCV  
  99  7:58  Marine x2  
  93  8:05  SCV x2  
  95  8:07  Marine x3  
  95  8:08  Combat Shield  
  95  8:09  SCV  
  99  8:16  Marine x2  
  99  8:17  SCV x2  
  103  8:20  Barracks Reactor  
  103  8:21  Refinery x2  
  103  8:22  SCV  
  103  8:25  Marine x3  
  107  8:27  Armory  
  107  8:29  Medivac  
  107  8:30  Medivac  
  107  8:34  Marine x2  
  112  8:36  SCV x2  
  112  8:37  SCV  
  112  8:40  Barracks Reactor  
  115  8:43  Marine  
  116  8:48  SCV  
  116  8:54  Armory  
  117  8:59  Command Center, Medivac  
  117  9:00  Medivac  
  117  9:01  Marine x4  
  125  9:04  Sensor Tower  
  125  9:05  Factory  
  125  9:11  Supply Depot x2  
  125  9:24  Terran Infantry Weapons Level 2, Terran Infantry Armor Level 2  
  125  9:30  Marine  
  125  9:31  SCV x2  
  125  9:32  Marine x7  
  125  9:36  Supply Depot  
  125  9:37  Siege Tank, Terran Vehicle Weapons Level 1  
  125  9:38  Marine  
  135  9:39  SCV  
  137  9:48  Marine, Medivac  
  137  9:50  Marine  
  140  9:53  Marine  
  140  9:54  Marine  
  140  9:56  Marine  
  140  9:57  Marine x3, Medivac  
  140  9:58  Marine  
  143  10:06  Marine  
  122  10:08  Marine  
  122  10:10  Siege Tank, Marine, SCV x3  
  130  10:18  Viking  
  132  10:22  Marine x4, SCV  
  132  10:24  Marine x2  
  132  10:25  Marine  
  132  10:26  Marine  
  132  10:27  Viking  
  140  10:28  Marine  
  140  10:32  Factory Tech Lab  
  140  10:34  Planetary Fortress  
  141  10:40  Marine x4  
  141  10:42  Siege Tank  
  148  10:44  Marine, Refinery x2  
  148  10:45  Sensor Tower  
  148  10:46  Marine  
  148  10:48  Marine, Medivac  
  153  10:52  Siege Tank, Marine  
  157  11:03  Marine  
  157  11:04  Marine x3  
  161  11:06  Marine  
  161  11:08  Marine  
  161  11:11  Marine, SCV x4  
  146  11:14  Siege Tank, Marine  
  146  11:15  Marine  
  152  11:21  Marine  
  152  11:23  Marine, SCV x3  
  152  11:24  Siege Tank, Marine x3  
  157  11:26  Marine  
  157  11:32  Medivac  
  159  11:34  Marine x3, Medivac  
  164  11:46  Marine  
  164  11:54  Siege Tank, Marine  
  164  12:03  Siege Tank, Viking, Supply Depot  
  164  12:04  Starport, Supply Depot x3  
  164  12:12  Marine  
  164  12:18  Marine x3  
  164  12:19  Marine x2  
  164  12:20  Marine  
  164  12:21  Marine  
  164  12:25  Viking, Marine  
  164  12:26  Siege Tank  
  170  12:30  Marine  
  170  12:33  Medivac  
  170  12:35  Siege Tank  
  170  12:36  Marine x3  
  178  12:37  Marine x3  
  178  12:38  Marine  
  178  12:43  Marine  
  176  12:45  Starport Reactor  
  176  12:47  Marine  
  176  12:50  Terran Ship Weapons Level 1  
  176  12:52  Starport  
  176  12:53  Marine  
  176  12:54  Marine  
  176  12:55  Marine x4, Medivac  
  176  12:56  Marine  
  176  12:58  Siege Tank  
  188  12:59  Command Center  
  188  13:00  Marine  
  188  13:03  Medivac  
  191  13:05  Marine  
  191  13:08  Siege Tank  
  191  13:11  Marine  
  191  13:12  Marine  
  196  13:19  Marine  
  192  13:22  Viking x2  
  196  13:30  Medivac  
  196  13:38  Medivac  
  196  13:39  Marine  
  196  13:40  Marine  
  196  13:41  Marine  
  196  13:43  Marine  
  196  13:44  Marine  
  196  13:46  Marine  
  196  13:47  Siege Tank, Marine x3  
  196  14:04  Marine  
  196  14:05  Marine  
  196  14:06  Marine x2  
  196  14:07  Marine  
  196  14:08  Marine  
  196  14:09  Marine x2  
  196  14:10  Viking, Marine, Medivac  
  196  14:14  Planetary Fortress  
  189  14:22  Marine  
  189  14:23  Marine  
  189  14:24  Marine x2  
  187  14:25  Marine x2  
  187  14:26  Marine  
  187  14:27  Marine x2  
Tags
 
Add a new tag
Caveats
  • Supply blocks, unpowered buildings, or Contaminate may cause inaccurate times.
  • Supply counts are checked every 10 seconds.